 Dungeon Crawl Stone Soup version 0.25-a0-339-gb37b713 (webtiles) character file.

Game seed: 5712459349225512149, levelgen mode: deterministic

57 Dietz the Charlatan (level 4, -2/33 HPs)
             Began as a Human Artificer on Dec 29, 2019.
             Was a Follower of Makhleb.
             Slain by Grinder (3 damage)
             ... on level 3 of the Dungeon.
             The game lasted 00:02:35 (1989 turns).

Dietz the Charlatan (Human Artificer)               Turns: 1989, Time: 00:02:35

Health: -2/33      AC:  3    Str:  9 (12) XL:     4   Next: 18%
Magic:  6/6        EV:  9    Int: 13 (16) God:    Makhleb [*.....]
Gold:   120        SH:  0    Dex: 12 (15) Spells: 3/3 levels left

rFire    . . .     SeeInvis .   a - +0 short sword
rCold    . . .     Gourm    .   (no shield)
rNeg     . . .     Faith    .   b - +0 leather armour
rPois    .         Spirit   .   (no helmet)
rElec    .         Reflect  .   (no cloak)
rCorr    .         Harm     .   (no gloves)
MR       .....                  (no boots)
Stlth    +.........             (no amulet)
HPRegen  0.11/turn              (no ring)
MPRegen  0.10/turn              (no ring)

@: brilliant, flying, constricted
A: no striking features
a: Renounce Religion


You were on level 3 of the Dungeon.
You worshipped Makhleb.
Makhleb was aware of your devotion.
You were hungry.

You visited 1 branch of the dungeon, and saw 3 of its levels.

You collected 120 gold pieces.

Inventory:

Hand Weapons
 a - a +0 short sword (weapon)
Armour
 b - a +0 leather armour (worn)
Wands
 c - a wand of flame (15)
 d - a wand of enslavement (15)
 e - a wand of random effects (15)
Scrolls
 i - 2 scrolls of amnesia {unknown}
 k - 2 scrolls of identify {unknown}
 l - a scroll of fog {unknown}
 m - a scroll of teleportation {unknown}
 n - a scroll of remove curse {unknown}
Potions
 h - a potion of curing
 j - 3 potions of heal wounds
Comestibles
 f - 8 rations


   Skills:
 + Level 2.1 Fighting
 - Level 1.0 Short Blades
 + Level 2.8 Dodging
 - Level 1.0 Stealth
 + Level 3.6 Evocations


You had 3 spell levels left.
You didn't know any spells.
Your spell library was empty.

Dungeon Overview and Level Annotations

Branches:
Dungeon (3/15)

Altars:
Elyvilon
Fedhas
Kikubaaqudgha
Makhleb
Ru
Yredelemnul

Annotations:
D:3 Grinder


Message History

You are feeling hungry.
The ball python bites you but does no damage.
The ball python constricts you. Grinder barely misses you.
The ball python barely misses you. The ball python constricts you.
You hit Grinder.
Grinder is lightly wounded.
Grinder hits you.
You writhe in agony.
The ball python bites you. The ball python constricts you.
Elyvilon blocks your attack. The ball python bites you.
The ball python constricts you. Grinder hits you!
* * * LOW HITPOINT WARNING * * *
You writhe in agony.
* * * LOW HITPOINT WARNING * * *
Unknown command.
You hit Grinder.
Grinder is moderately wounded.
The ball python bites you.
* * * LOW HITPOINT WARNING * * *
The ball python constricts you. Grinder hits you.
You die...

♣♣...♣♣
♣♣.....♣♣ ##
♣♣.......♣♣ #.
♣...≈≈≈...♣ #.
♣♣..≈≈≈≈≈..♣♣ #)
♣...≈≈_≈≈...♣ #.
♣..≈≈≈≈S5.♣ #.
♣...≈≈≈@..♣ #.
♣♣.......♣♣ #.
♣♣.....♣♣
##########.
♣♣...♣♣
#........[.
♣♣.....♣♣
#.#########
♣.......♣♣ ##.#
♣...≈≈≈...♣##..#
#..≈≈≈≈≈......##
#..≈≈♣≈≈...####


You could see Grinder and a ball python.

Vanquished Creatures
  3 adders (D:2)
  2 dart slugs (D:2)
  2 leopard geckos
  2 giant cockroaches (D:2)
  3 hobgoblins
  A quokka (D:2)
  3 bats (D:2)
  A frilled lizard (D:2)
  3 goblins
  3 kobolds (D:1)
  A rat (D:2)
24 creatures vanquished.

Notes
Turn   | Place    | Note
-------+----------+-------------------------------------------
     0 | D:1      | Dietz the Human Artificer began the quest for the Orb.
     0 | D:1      | Reached XP level 1. HP: 15/15 MP: 3/3
   245 | D:1      | Reached XP level 2. HP: 20/21 MP: 4/4
   576 | D:2      | Found a blossoming altar of Fedhas.
   589 | D:2      | Reached XP level 3. HP: 24/27 MP: 5/5
   756 | D:2      | Found a sacrificial altar of Ru.
   756 | D:2      | Found a basalt altar of Yredelemnul.
   761 | D:2      | Found a faded altar of an unknown god.
   763 | D:2      | Found an ancient bone altar of Kikubaaqudgha.
   765 | D:2      | Found a faded altar of an unknown god.
  1673 | D:2      | Became a worshipper of Elyvilon the Healer
  1673 | D:2      | Reached * piety under Elyvilon
  1678 | D:2      | Fell from the grace of Elyvilon
  1678 | D:2      | Became a worshipper of Makhleb the Destroyer
  1678 | D:2      | Reached * piety under Makhleb
  1798 | D:2      | Reached XP level 4. HP: 21/33 MP: 6/6
  1965 | D:3      | Found a white marble altar of Elyvilon.
  1965 | D:3      | Noticed Grinder
  1970 | D:3      | Paralysed by Grinder for 6 turns
  1989 | D:3      | HP: 1/33 [ball python (2)]
  1989 | D:3      | Slain by Grinder

Levels and vault maps discovered:
D:1:      roderic_dead_forest, layout_rooms
D:2:      layout_basic, lemuel_doored_altar, chequers_temple_overflow_minitemple
D:3:      layout_basic, fiery_altar_vehumet, old_standard_altar, first_ration,
          elyvilon_altar_3, uniq_grinder, uniq_jessica

Skill      XL: |  1  2  3 |
---------------+----------+-----
Fighting       | 2 |  2.1
Short Blades   | |  1.0
Dodging        | |  2.8
Stealth        | |  1.0
Evocations     | |  3.6

Action                   |  1- 3 |  4- 6 || total
-------------------------+-------+-------++-------
Melee: Short sword       |   131 |    12 ||   143
  Use: Potion            |       |     6 ||     6
 Stab: Sleeping          |     2 |       ||     2
  Eat: Chunk             |     3 |       ||     3
Armor: Leather armour    |    35 |     9 ||    44
Dodge: Dodged            |    94 |    15 ||   109

Table legend:
 A = Non-vault XP
 B = Vault XP
 C = Vault XP percentage of total XP
 D = Non-vault monster count
 E = Vault monster count
 F = Vault count percentage of total count
                 A         B        C        D         E       F
            +---------+---------+-------+---------+---------+-------
      Total |      82 |       0 |   0.0 |      24 |       0 |   0.0
            +---------+---------+-------+---------+---------+-------
        D:1 |      12 |       0 |   0.0 |       7 |       0 |   0.0
        D:2 |      68 |       0 |   0.0 |      16 |       0 |   0.0
        D:3 |       2 |       0 |   0.0 |       1 |       0 |   0.0
            +---------+---------+-------+---------+---------+-------
